 Dungeon Crawl Stone Soup version 0.24-a0-459-g225fefd (webtiles) character file.

Game seed: 13360132790820222234

20 Cryolive the Charmwright (level 2, -1/23 HPs)
             Began as a Merfolk Skald on June 29, 2019.
             Slain by an adder (2 damage)
             ... on level 2 of the Dungeon.
             The game lasted 00:06:36 (811 turns).

Cryolive the Charmwright (Merfolk Skald)             Turns: 811, Time: 00:06:37

Health: -1/23      AC:  7    Str: 11    XL:     2   Next: 79%
Magic:  5/5        EV: 12    Int: 12    God:
Gold:   59         SH:  0    Dex: 13    Spells: 4/5 levels left

rFire    + . .     SeeInvis .   a - +0 spear
rCold    . . .     Gourm    .   (no shield)
rNeg     . . .     Faith    .   e - +3 leather armour
rPois    .         Spirit   .   (no helmet)
rElec    .         Reflect  .   g - +0 cloak
rCorr    .         Harm     .   (no gloves)
MR       .....                  (no boots)
Stlth    +.........             (no amulet)
HPRegen  0.07/turn              c - ring of protection from fire
MPRegen  0.09/turn              (no ring)

@: lethally poisoned (-1 -> -5)
A: change form in water, swift swim, stealthy swim
a: no special abilities


You were on level 2 of the Dungeon.
You were not hungry.

You visited 1 branch of the dungeon, and saw 2 of its levels.

You collected 59 gold pieces.

Inventory:

Hand Weapons
 a - a +0 spear (weapon)
Armour
 e - a +3 leather armour (worn)
 g - a +0 cloak (worn)
Jewellery
 c - a ring of protection from fire (left hand)
 k - an uncursed ring of see invisible {unknown}
Scrolls
 b - a scroll of amnesia {unknown}
 f - a scroll of fog {unknown}
 j - a scroll of remove curse {unknown}
Potions
 h - a potion of agility {unknown}
 i - a potion of curing {unknown}
 l - a potion of mutation {unknown}
Comestibles
 d - 3 rations


   Skills:
 + Level 2.3 Fighting
 + Level 3.2 Polearms
 + Level 0.8 Armour
 + Level 2.9 Dodging
 + Level 0.5 Stealth
 * Level 2.2 Spellcasting
 * Level 3.6 Charms


You had 4 spell levels left.
You knew the following spells:

 Your Spells              Type           Power        Failure   Level  Hunger
a - Infusion              Chrm           ##..         8%          1    ##.....

Your spell library contained the following spells:

 Spells                   Type           Power        Failure   Level  Hunger
 Song of Slaying          Chrm           ##......     12%         2    ###....
 Shroud of Golubria       Chrm/Tloc      #.....       26%         2    ###....
 Regeneration             Chrm/Necr      #.........   45%         3    ####...
 Spectral Weapon          Hex/Chrm       #.......     45%         3    ####...


Dungeon Overview and Level Annotations

Branches:
Dungeon (2/15)

Altars:
Cheibriados


Message History

Attack whom?
Press: ? - help, Dir - move target cursor, f/p - adder
Aim: an adder (moderately wounded)
You hit the adder but do no damage.
The adder is moderately wounded.
The adder bites you but does no damage.
Attack whom?
Press: ? - help, Dir - move target cursor, f/p - adder
Aim: an adder (moderately wounded)
You hit the adder.
The adder is heavily wounded.
The adder bites you but does no damage.
Attack whom?
Press: ? - help, Dir - move target cursor, f/p - adder
Aim: an adder (heavily wounded)
You closely miss the adder.
The adder is heavily wounded.
* * * LOW HITPOINT WARNING * * *
You feel sick. The adder bites you.
You die...

.......###...#
.........<...
........#...
........#..#
........#..#######.#.
.....................
.....>........)......
########.#..###...#.#.
#<...@S..#..# ...#
#.######.#..# ...#
###'######....# ...#
#..)...[##.##.#######
#..†....##........
#.......##.#######
#.......##.#
#..†....#### #.......#


You could see an adder.

Vanquished Creatures
  3 bats
  5 goblins
  2 hobgoblins
  3 kobolds (D:1)
  A ball python (D:1)
  3 frilled lizards (D:1)
  A rat (D:1)
18 creatures vanquished.

Notes
Turn   | Place    | Note
-------+----------+-------------------------------------------
     0 | D:1      | Cryolive the Merfolk Skald began the quest for the Orb.
     0 | D:1      | Reached XP level 1. HP: 16/16 MP: 3/3
   207 | D:1      | Reached XP level 2. HP: 21/22 MP: 5/5
   327 | D:1      | Found a snail-covered altar of Cheibriados.
   808 | D:2      | HP: 1/23 [poisoned by an adder]
   811 | D:2      | Slain by an adder

Levels and vault maps discovered:
D:1:      dpeg_arrival_rooms_a, layout_basic, cheibriados_altar_1
D:2:      layout_basic

Action                   || total
-------------------------++-------
Melee: Spear             ||    57
 Stab: Sleeping          ||     2
Armor: Leather armour    ||    15
Dodge: Dodged            ||    28

Table legend:
 A = Non-vault XP
 B = Vault XP
 C = Vault XP percentage of total XP
 D = Non-vault monster count
 E = Vault monster count
 F = Vault count percentage of total count
                 A         B        C        D         E       F
            +---------+---------+-------+---------+---------+-------
      Total |      29 |       0 |   0.0 |      18 |       0 |   0.0
            +---------+---------+-------+---------+---------+-------
        D:1 |      20 |       0 |   0.0 |      13 |       0 |   0.0
        D:2 |       9 |       0 |   0.0 |       5 |       0 |   0.0
            +---------+---------+-------+---------+---------+-------
